 Dungeon Crawl Stone Soup version 0.27.1-33-g824d729ab1 (webtiles) character file.

Game seed: 6662166642460248654

56 Kaptain the Digger (level 3, -10/28 HPs)
             Began as a Demigod Earth Elementalist on Dec 30, 2021.
             Mangled by an iguana (13 damage)
             ... on level 2 of the Dungeon.
             The game lasted 00:04:40 (2097 turns).

Kaptain the Digger (Demigod Earth Elementalist)     Turns: 2097, Time: 00:04:40

Health: -10/28     AC:  2    Str:  9    XL:     3   Next: 48%
Magic:  5/8        EV: 12    Int: 21    God:
Gold:   60         SH:  0    Dex: 20    Spells: 2/6 levels left

rFire    . . .     SeeInvis .   e - +0 quarterstaff
rCold    . . .     Faith    .   (shield currently unavailable)
rNeg     . . .     Spirit   .   b - +0 robe
rPois    .         Reflect  .   (no helmet)
rElec    .         Harm     .   (no cloak)
rCorr    .         Rampage  .   (no gloves)
Will     .....                  (no boots)
Stlth    ++........             (no amulet)
HPRegen  0.09/turn              d - +6 ring of dexterity
MPRegen  0.11/turn              (no ring)

@: no status effects
A: high mp 1, forlorn
a: no special abilities


You were on level 2 of the Dungeon.
You visited 1 branch of the dungeon, and saw 2 of its levels.

You collected 60 gold pieces.

Inventory:

Hand Weapons
 e - a +0 quarterstaff (weapon)
 i - a +0 short sword
Missiles
 k - 17 stones
Armour
 b - a +0 robe (worn)
 f - a +0 buckler
Magical Staves
 h - a staff of fire
Jewellery
 d - a +6 ring of dexterity (left hand)
Scrolls
 a - 2 scrolls of identify {unknown}
 j - a scroll of teleportation {unknown}
Potions
 c - a potion of degeneration {unknown}
 g - a potion of curing {unknown}
 l - a potion of might {unknown}


   Skills:
 + Level 1.0 Fighting
 + Level 0.5 Armour
 + Level 2.0 Dodging
 + Level 2.1 Stealth
 + Level 0.2 Shields
 * Level 2.2 Spellcasting
 * Level 0.3 Conjurations
 - Level 0.8 Transmutations
 * Level 3.1 Earth Magic


You had 2 spell levels left.
You knew the following spells:

 Your Spells              Type           Power      Damage    Failure   Level
a - Sandblast             Erth           30%        2d9       4%          1
b - Stone Arrow           Conj/Erth      18%        3d8       22%         3

Your spell library contained the following spells:

 Spells                   Type           Power      Damage    Failure   Level
 Passwall                 Tmut/Erth      8%         N/A       10%         2
 Animate Skeleton         Necr           4%         N/A       14%         1
 Apportation              Tloc           4%         N/A       14%         1
 Corona                   Hex            2%         N/A       14%         1
 Summon Small Mammal      Summ           8%         N/A       14%         1
 Petrify                  Tmut/Erth      10%        N/A       54%         4


Dungeon Overview and Level Annotations

Branches:
Dungeon (2/15)

Shops:
D:2 (:!(


Innate Abilities, Weirdness & Mutations

Your attributes grow dramatically as you level up.
You have an increased reservoir of magic. (+10% MP)
You shall have no god before yourself.


Message History

Things that are here:
a +0 club; a ball python corpse; a goblin corpse
Found Etsaokeq's Distillery.
Found a stone staircase leading down.
There is an entrance to Etsaokeq's Distillery here.
Found an escape hatch in the floor.
Found Bizxaec's Book Shoppe.
Found 20 stones.
There is a stone staircase leading down here.
An iguana comes into view.
The iguana hisses angrily.
A ball python comes into view.
There is an entrance to Bizxaec's Book Shoppe here.
The iguana bites you.
You see here 20 stones.
You closely miss the iguana. The iguana closely misses you.
The iguana bites you.
You barely miss the iguana. The iguana closely misses you.
Casting: Sandblast (safe; 4% risk of failure)
Confirm with . or Enter, or press ? or * to list all spells.
Aiming: Sandblast (safe; 4% risk of failure)
Press: ? - help, Shift-Dir - straight line, f - iguana
Aim: an iguana (82% to hit)
The blast of sand hits the iguana but does no damage.
The iguana bites you!
Casting: Sandblast (safe; 4% risk of failure)
Confirm with . or Enter, or press ? or * to list all spells.
Aiming: Sandblast (safe; 4% risk of failure)
Press: ? - help, Shift-Dir - straight line, f/p - iguana
Aim: an iguana (82% to hit)
The blast of sand misses the iguana.
The iguana bites you!
* * * LOW HITPOINT WARNING * * *
Casting: Sandblast (safe; 4% risk of failure)
Confirm with . or Enter, or press ? or * to list all spells.
Aiming: Sandblast (safe; 4% risk of failure)
Press: ? - help, Shift-Dir - straight line, f/p - iguana
Aim: an iguana (82% to hit)
The blast of sand hits the iguana but does no damage.
The iguana bites you!
You die...

#.. #.#..... ##..## #.#
#.##. ...... #. .... #.
## #..# #. #.. #..# #.
##... #..##### #.
#.....###......########.
#.....l@.∩.#.#........).
#.....###.#...####8####.
##... #.....>.........
#.. #.#>..#.8.∩.8[## #.
#.##.#####<#### # #.##.#
#8# #.##.. ... #.#####
##### ######


You could see an iguana.

Vanquished Creatures
  An adder (D:2)
  A dart slug (D:2)
  3 endoplasms (D:1)
  A giant cockroach (D:1)
  2 goblins (D:2)
  4 hobgoblins
  8 jackals (D:1)
  2 quokkas
  5 ball pythons
  6 bats
  3 frilled lizards
  5 kobolds
  2 rats
43 creatures vanquished.

Notes
Turn   | Place    | Note
-------+----------+-------------------------------------------
     0 | D:1      | Kaptain the Demigod Earth Elementalist began the quest for
                  | the Orb.
     0 | D:1      | Reached XP level 1. HP: 14/14 MP: 5/5
   249 | D:1      | Reached XP level 2. HP: 22/22 MP: 4/7
   526 | D:1      | Reached skill level 3 in Earth Magic
  1507 | D:2      | Reached XP level 3. HP: 13/27 MP: 8/8
  1661 | D:2      | Learned a level 3 spell: Stone Arrow
  1821 | D:2      | Found Xaoshaukh's Weapon Emporium.
  1827 | D:2      | Reached skill level 1 in Fighting
  1982 | D:2      | Found Plog's Antique Weapon Shoppe.
  2076 | D:2      | Found Etsaokeq's Distillery.
  2083 | D:2      | Found Bizxaec's Book Shoppe.
  2097 | D:2      | Mangled by an iguana

Illustrated notes

Levels and vault maps discovered:
D:1:      psy_arrival_radial02, layout_basic
D:2:      layout_loops_ring, chequers_ecumenical_altar_grove, serial_shops,
          nicolae_shop_statue_plus, shop, nicolae_diamond_shop,
          nicolae_shop_window_shopping

Skill      XL: |  1  2  3 |
---------------+----------+-----
Spellcasting   | 2 |  2.2
Earth Magic    | 3 |  3.1
Dodging        | 2 |  2.0
Stealth        | 2 |  2.1
Fighting       | 1 |  1.0
Armour         | |  0.5
Shields        | |  0.2
Conjurations   | |  0.3
Transmutations | |  0.8

Action                   || total
-------------------------++-------
Melee: Quarterstaff      ||    39
       Staff             ||    12
 Cast: Sandblast         ||    36
 Stab: Sleeping          ||     7
Armor: Robe              ||    10
Dodge: Dodged            ||    53
